 Dungeon Crawl Stone Soup version 0.29.0-4-gdea44cf6ec (webtiles) character file.

Game seed: 11362191064334257168

21 qw the Chopper (level 2, -1/24 HPs)
             Began as a Barachi Chaos Knight on Sept 4, 2022.
             Slain by an adder (2 damage)
             ... on level 2 of the Dungeon.
             The game lasted 00:00:32 (1405 turns).

qw the Chopper (Barachi Chaos Knight)               Turns: 1405, Time: 00:00:33

Health: -1/24      AC:  5    Str: 13    XL:     2   Next: 87%
Magic:  2/2        EV: 10    Int: 12    God:
Gold:   85         SH:  0    Dex: 11    Spells: 1/1 levels left

rFire   . . .      SeeInvis .   Y - +0 hand axe (chaos)
rCold   . . .      Faith    .   (no shield)
rNeg    . . .      Spirit   .   d - +0 ring mail
rPois   .          Reflect  .   (no helmet)
rElec   .          Harm     .   (no cloak)
rCorr   .          Rampage  .   (no gloves)
Will    .....                   (no boots)
Stlth   +.........              (no amulet)
HPRegen 0.08/turn               (no ring)
MPRegen 0.08/turn               (no ring)

@: lethally poisoned (-1 -> -14), slow
A: amphibious, slowness 1, strong legs 1, +LOS
a: Hop


You were on level 2 of the Dungeon.
You visited 1 branch of the dungeon, and saw 2 of its levels.

You collected 85 gold pieces.


Innate Abilities, Weirdness & Mutations

You are amphibious.
You cover ground slowly.
You can hop short distances.
You have an extended range of vision and can be seen from far away.


   Skills:
 - Level 3.6 Fighting
 + Level 4.4 Axes
 - Level 2.4 Armour
 - Level 1.1 Dodging


You had one spell level left.
You didn't know any spells.
Your spell library was empty.

Inventory:

Hand Weapons
 i - a +0 whip
 Y - a +0 hand axe of chaos (weapon)
Armour
 d - a +0 ring mail (worn)
Potions
 f - a potion of heal wounds {unknown}
 g - a potion of curing {unknown}
 h - a potion of berserk rage {unknown}
Miscellaneous
 c - a piece from Xom's chessboard (15/15)

Dungeon Overview and Level Annotations

Branches:
Dungeon (2/15)

Altars:


Message History

You hit the giant cockroach. You freeze the giant cockroach.
You kill the giant cockroach!
You start resting.
HP restored.
Found a stone staircase leading up.
Enter note: An adder comes into view.
The adder hisses angrily.
You barely miss the adder. The adder barely misses you.
You barely miss the adder. The adder bites you but does no damage.
The adder barely misses you.
You barely miss the adder. The adder bites you.
You are poisoned.
The adder poisons you!
You closely miss the adder.
You feel sick. The adder closely misses you. The adder bites you.
You are more poisoned.
The adder poisons you!
You closely miss the adder.
You feel sick. The adder bites you.
You closely miss the adder.
You feel sick. The adder bites you.
You are more poisoned.
The adder poisons you!
You closely miss the adder.
You feel sick. The adder barely misses you. The adder bites you.
You are lethally poisoned!
The adder poisons you!
You miss the adder.
You feel very sick. The adder bites you.
You are more poisoned.
The adder poisons you!
You hit the adder. You burn the adder.
The adder is moderately wounded.
You feel very sick. The adder barely misses you. The adder bites you.
You die...

..#.#.# #.#.#.#
#.#.#.# #.#.#.#
#.#.#.# #.#.#.#
#.#.#.#
#####.#S#.#.#
.......<@...#
#####.###.########.
..................
####.#...#########
..............#
#####.....####.#
..........####.###
...>......%.......
#....<...%..#....


You could see an adder.

Vanquished Creatures
  2 bats (D:1)
  2 endoplasms (D:1)
  3 giant cockroaches
  2 goblins (D:1)
  A hobgoblin (D:2)
  3 kobolds (D:1)
  A quokka (D:1)
  2 ball pythons (D:1)
  A frilled lizard (D:1)
  A rat (D:1)
18 creatures vanquished.

Vanquished Creatures (others)
  A kobold zombie (D:1)
1 creature vanquished.

Grand Total: 19 creatures vanquished

Notes
Turn   | Place    | Note
-------+----------+-------------------------------------------
     0 | D:1      | qw the Barachi Chaos Knight began the quest for the Orb.
     0 | D:1      | Reached XP level 1. HP: 18/18 MP: 1/1
     0 | D:1      | 0 ||| qw: Version: 0.1-a-103-gd6f5d3a
     0 | D:1      | 0 ||| qw: Game counter: 5777
     0 | D:1      | 0 ||| qw: Always use a shield: true
     0 | D:1      | 0 ||| qw: God list: Okawaru
     0 | D:1      | 0 ||| qw: Allow faded altars: false
     0 | D:1      | 0 ||| qw: Do Orc after D:15 true
     0 | D:1      | 0 ||| qw: Do second Lair branch before Depths: true
     0 | D:1      | 0 ||| qw: Lair rune preference: random
     0 | D:1      | 0 ||| qw: Plans: Normal
     0 | D:1      | 0 ||| PLANNING D:1-11
     0 | D:1      | Fell from the grace of Xom
   128 | D:1      | 128 ||| Stepping ~*~*~tactically~*~*~ (stealth).
   137 | D:1      | 137 ||| Stepping ~*~*~tactically~*~*~ (stealth).
   190 | D:1      | XOM: summons 4 hostile shadow creatures
   327 | D:1      | XOM: summons 2 hostile shadow creatures
   489 | D:1      | Reached XP level 2. HP: 24/24 MP: 2/2
   647 | D:1      | Reached skill level 4 in Axes
   690 | D:1      | 690 ||| Stepping ~*~*~tactically~*~*~ (stealth).
   911 | D:1      | 911 ||| DROPPING +0 club.
  1188 | D:1      | 1188 ||| UPGRADING to +0 ring mail.
  1198 | D:1      | 1198 ||| DROPPING +2 leather armour.
  1199 | D:1      | 1199 ||| READING scroll labelled CINOMN SAAVESCH.
  1404 | D:2      | HP: 6/24 [poisoned by an adder]
  1405 | D:2      | HP: 1/24 [poisoned by an adder]
  1405 | D:2      | Slain by an adder

Levels and vault maps discovered:
D:1:      dpeg_arrival_three_same_balls, layout_basic, serial_park_tiny_2
D:2:      layout_basic, basic_ecumenical_altar, st_stairs_4

Skill      XL: |  1  2 |
---------------+-------+-----
Axes           | 4 |  4.4
Fighting       | |  3.6
Armour         | |  2.4
Dodging        | |  1.1

Action                   || total
-------------------------++-------
Melee: Hand axe          ||    94
Invok: Renounce Religion ||     1
  Use: Scroll            ||     1
Armor: Leather armour    ||    30
       Ring mail         ||     5
Dodge: Dodged            ||    61

Table legend:
 A = Non-vault XP
 B = Vault XP
 C = Vault XP percentage of total XP
 D = Non-vault monster count
 E = Vault monster count
 F = Vault count percentage of total count
                 A         B        C        D         E       F
            +---------+---------+-------+---------+---------+-------
      Total |      31 |       0 |   0.0 |      18 |       0 |   0.0
            +---------+---------+-------+---------+---------+-------
        D:1 |      27 |       0 |   0.0 |      16 |       0 |   0.0
        D:2 |       4 |       0 |   0.0 |       2 |       0 |   0.0
            +---------+---------+-------+---------+---------+-------
